 Dungeon Crawl Stone Soup version 0.22-a0-422-g9628fc8 (webtiles) character file.

108651 iamserjio the Eclecticist (level 16, -10/129 HPs)
             Began as a Mummy Earth Elementalist on May 16, 2018.
             Was an Initiate of Gozag.
             Mangled by a wolf spider simulacrum (24 damage)
             ... on level 15 of the Dungeon.
             The game lasted 02:07:25 (44349 turns).

iamserjio the Eclecticist (MuEE)                   Turns: 44349, Time: 02:07:26

Health: -10/129    AC: 18    Str: 13    XL:     16   Next: 3%
Magic:  44/51      EV: 13    Int: 22    God:    Gozag
Gold:   2969       SH:  0    Dex: 12    Spells: 26/47 levels left

rFire    + . .     SeeInvis .   p - staff of power
rCold    . . .     Gourm    .   (no shield)
rNeg     + + +     Faith    .   G - +2 scale mail {rF+}
rPois    ∞         Spirit   .   I - +2 hat {MR+}
rElec    .         Reflect  .   o - +2 cloak
rCorr    .         Harm     .   h - +0 pair of gloves
MR       +++..                  f - +1 pair of boots
Stlth    ..........             y - amulet of magic regeneration
HPRegen  0.31/turn              r - ring of fire
MPRegen  0.57/turn              D - +2 ring of intelligence

@: very slightly contaminated, studying Dodging, very slow
A: no food or potions, fire vulnerability, cold resistance 1, negative energy
resistance 3, torment resistance, unbreathing, in touch with death 1
a: Potion Petition, Call Merchant, Bribe Branch, Renounce Religion


You were on level 15 of the Dungeon.
You worshipped Gozag.
Gozag was most pleased with you.
You were not hungry.

You visited 3 branches of the dungeon, and saw 23 of its levels.

You collected 8272 gold pieces.
You spent 1316 gold pieces at shops.
You paid 3987 gold pieces to Gozag.

Inventory:

Hand Weapons
 m - a +7 dagger of freezing
 E - a +2 vampiric long sword
 M - the +7 battleaxe of Undoing {pain, rPois rN+ Str+3 Int-5}
   (You found it on level 13 of the Dungeon)

   In the hands of one skilled in necromantic magic, it inflicts extra damage on
   living creatures.
   It affects your strength (+3).
   It affects your intelligence (-5).
   It protects you from poison.
   It protects you from negative energy.
Missiles
 b - 306 stones (quivered)
 i - 2 tomahawks of dispersal
Armour
 f - a +1 pair of boots (worn)
 h - a +0 pair of gloves (worn)
 n - the +1 helmet of Vexation {rC+}
   (You took it off Robin on level 3 of the Dungeon)

   It protects you from cold.
 o - a +2 cloak (worn)
 t - a +3 ring mail of fire resistance
 G - a +2 scale mail of fire resistance (worn)
 I - a +2 hat of magic resistance (worn)
Magical Staves
 p - an uncursed staff of power (weapon)
Jewellery
 r - a ring of fire (left hand)
 w - an uncursed ring of resist corrosion
 y - an amulet of magic regeneration (around neck)
 D - a +2 ring of intelligence (right hand)
Wands
 d - a wand of polymorph (18)
 s - a wand of digging (42)
 x - a wand of disintegration (25)
 A - a wand of acid (11)
 N - a wand of scattershot (4)
Scrolls
 a - 3 scrolls of fog
 e - 10 scrolls of identify
 g - 3 scrolls of immolation
 j - a scroll of holy word {unknown}
 k - 11 scrolls of remove curse
 l - 3 scrolls of magic mapping
 q - a scroll of summoning
 u - 3 scrolls of fear
 v - 8 scrolls of teleportation
 z - 3 scrolls of amnesia
 C - 3 scrolls of blinking
 F - 2 scrolls of enchant weapon
 K - a scroll of torment
Books
 J - a manual of Dodging
Miscellaneous
 c - a phantom mirror
 H - a crystal ball of energy


   Skills:
 + Level 12.8 Fighting
 + Level 6.9 Armour
 + Level 8.3 Dodging
 - Level 1.5 Stealth
 - Level 16.0 Spellcasting
 + Level 6.7 Necromancy
 - Level 0.7 Transmutations
 + Level 14.8 Earth Magic


You had 26 spell levels left.
You knew the following spells:

 Your Spells              Type           Power        Failure   Level  Hunger
a - Sandblast             Erth           ######       1%          1    N/A
b - Passwall              Tmut/Erth      ######....   1%          2    N/A
c - Stone Arrow           Conj/Erth      ######       1%          3    N/A
d - Blink                 Tloc           N/A          19%         2    N/A
e - Lee's Rapid Deconstr  Erth           ######....   1%          5    N/A
f - Petrify               Tmut/Erth      ######..     5%          4    N/A
g - Animate Skeleton      Necr           N/A          1%          1    N/A
h - Vampiric Draining     Necr           ######....   2%          3    N/A

Your spell library contained the following spells:

 Spells                   Type           Power        Failure   Level  Hunger
 Magic Dart               Conj           ###.         13%         1    N/A
 Conjure Flame            Conj/Fire      ####....     36%         3    N/A
 Slow                     Hex            ###.....     19%         2    N/A
 Invisibility             Hex            ###.....     100%        6    N/A
 Freezing Cloud           Conj/Ice/Air   ###.......   100%        6    N/A
 Mephitic Cloud           Conj/Pois/Air  ###.....     36%         3    N/A
 Ring of Flames           Chrm/Fire      ####......   100%        7    N/A
 Summon Horrible Things   Summ           ###.......   100%        8    N/A
 Animate Dead             Necr           N/A          8%          4    N/A
 Pain                     Necr           ####         1%          1    N/A
 Call Imp                 Summ           ###.....     19%         2    N/A
 Regeneration             Chrm/Necr      #####.....   10%         3    N/A
 Summon Demon             Summ           ###.......   98%         5    N/A
 Summon Greater Demon     Summ           ###.......   100%        7    N/A
 Recall                   Summ/Tloc      N/A          36%         3    N/A
 Spider Form              Tmut/Pois      ###.......   32%         3    N/A
 Statue Form              Tmut/Erth      ######...    63%         6    N/A
 Dragon Form              Tmut           ###.......   100%        7    N/A
 Shadow Creatures         Summ           N/A          100%        6    N/A
 Ignite Poison            Fire/Tmut/Pois ####....     34%         3    N/A
 Monstrous Menagerie      Summ           ###.......   100%        7    N/A
 Malign Gateway           Summ/Tloc      ###.......   100%        7    N/A
 Aura of Abjuration       Summ           ###.......   98%         5    N/A
 Fulminant Prism          Conj/Hex       ###.......   77%         4    N/A
 Summon Forest            Summ/Tloc      ###.......   98%         5    N/A
 Summon Guardian Golem    Hex/Summ       ###.....     36%         3    N/A
 Summon Mana Viper        Hex/Summ       ###.....     98%         5    N/A
 Poisonous Vapours        Pois/Air       ###...       19%         2    N/A

Dungeon Overview and Level Annotations

Branches:
Dungeon (15/15)            Temple (0/1) D:6            Lair (6/6) D:9
  Swamp (0/4) Lair:4        Snake (0/4) Lair:4        Slime (0/5) Lair:6
    Orc (2/2) D:9             Elf (0/3) Orc:2        Vaults (0/5) D:14
 Depths: D:15

Altars:
Cheibriados
Dithmenos
Elyvilon
Fedhas
Gozag
Nemelex Xobeh
Qazlal
Trog
Wu Jian
Yredelemnul
Zin
The Shining One
Beogh
Lugonu

Shops:
D:6 *   D:10 }   D:11 !   D:13 [   Orc:2 [=?=:*[[

Annotations:
D:3 Goblin1989's ghost, amateur DsCK
D:13 2 transporters


Innate Abilities, Weirdness & Mutations

You do not eat or drink.
Your flesh is vulnerable to fire.
You are immune to poison.
Your flesh is cold resistant. (rC+)
You are immune to negative energy. (rN+++)
You are immune to unholy pain and torment.
You can survive without breathing.
You are in touch with the powers of death.


Message History

The wolf spider simulacrum closely misses you.
Casting: Stone Arrow (safe; 1% risk of failure)
Confirm with . or Enter, or press ? or * to list all spells.
Aiming: Stone Arrow (safe; 1% risk of failure)
Press: ? - help, Shift-Dir - straight line, f/p - wolf spider simulacrum
Aim: a wolf spider simulacrum (severely damaged)
You miscast Stone Arrow.
You are very lightly contaminated with residual magic.
You feel a strange surge of energy!
The wolf spider simulacrum closely misses you.
The wolf spider simulacrum bites you! The wolf spider simulacrum freezes you!
The wolf spider simulacrum hits you!
* * * LOW HITPOINT WARNING * * *
The wolf spider simulacrum freezes you!
* * * LOW HITPOINT WARNING * * *
The wolf spider simulacrum bites you!
* * * LOW HITPOINT WARNING * * *
The wolf spider simulacrum freezes you!!
You die...
Your body crumbles into a pile of gold.

## .####..#.. #.
.#.# ..# #
#.###.#.# .#
#.##....## #
####.##.##..#####
#.........#.≈PPP#
#.......#.≈≈PP≈P. $
#.....(ZPP≈PPP≈P#
###....<≈P@P≈♣≈≈PP#
#.....≈≈≈P♣[≈≈PPP..
#.#≈≈.≈≈≈♣≈≈≈≈P...#
#.≈.P≈≈≈♣PPPP....##
#.PP≈≈♣≈♣PP#######
#.≈≈≈♣♣♣PP..# #.≈P≈
≈♣PP.#


#.PPP ♣≈♣≈P$≈ #..P≈ P ≈≈♣ You could see a wolf spider simulacrum.

Vanquished Creatures
  Kirke (D:14)
  Roxanne (D:14)
  A stone giant (Orc:2)
  The ghost of galech the Protected, a journeyman GnWn of Okawaru (Lair:4)
  Snorg (Lair:3)
  Josephine (D:14)
  3 slime creatures (D:14)
  3 vault guards
  Harold (D:10)
  A centaur warrior (D:15)
  5 hydras
  4 ogre magi (Orc:2)
  2 death knights
  6 death yaks
  15 two-headed ogres
  A thrashing horror (D:13)
  An orc high priest (Orc:1)
  17 skeletal warriors
  A wizard (D:14)
  3 unseen horrors
  A lindwurm (Orc:2)
  An orc knight (D:12)
  A necromancer (D:14)
  18 ugly things
  A deep elf mage (D:15)
  3 manticores
  Joseph (D:8)
  An elephant (Lair:2)
  4 black mambas
  2 centaur zombies (D:14)
  20 spiny frogs
  A gargoyle (D:14)
  2 efreet
  2 rime drakes
  6 komodo dragons
  A harpy zombie (D:15)
  2 queen bees
  8 trolls
  5 tyrant leeches (Lair:6)
  23 blink frogs
  7 dream sheep
  10 hippogriffs
  Grinder (D:3)
  4 raiju (D:13)
  A hornet (D:11)
  A spriggan (Lair:3)
  8 wyverns
  6 wraiths
  15 yaks
  2 large abominations (D:13)
  A steam dragon (D:9)
  20 humans
  7 basilisks
  5 hogs (D:14)
  4 wargs
  12 vampire mosquitoes
  5 swamp worms (Lair:4)
  A hungry ghost (D:11)
  A naga (Lair:4)
  A soldier ant (D:14)
  2 ice beasts
  7 porcupines
  12 water moccasins
  4 sky beasts
  22 orc warriors
  3 phantoms
  A black bear (D:13)
  33 ogres
  5 necrophages
  9 wolves
  10 centaurs
  A big kobold (D:10)
  10 crocodiles
  Blork the orc (D:5)
  20 bullfrogs
  A gnoll sergeant (Orc:2)
  A scorpion (D:8)
  48 killer bees
  10 wights
  4 electric eels
  5 howler monkeys
  3 bullfrog zombies
  A quasit (D:6)
  8 crimson imps
  16 jellies
  4 centaur skeletons
  22 orc priests
  5 hounds
  24 orc wizards
  2 bullfrog skeletons
  Crazy Yiuf (D:3)
  3 iguanas
  Natasha (D:3)
  10 worker ants
  3 killer bee zombies
  A hound skeleton (D:8)
  A mummy (D:11)
  A howler monkey zombie (D:11)
  Robin (D:3)
  2 howler monkey skeletons (D:11)
  11 gnolls
  8 adders
  2 river rats (Lair:2)
  2 shadow imps
  An ooze (Lair:6)
  An adder zombie (D:6)
  2 worms
  A dart slug (D:3)
  2 leopard geckos
  62 orcs
  5 bats
  2 giant cockroaches
  14 goblins
  9 hobgoblins
  10 jackals
  A quokka (D:8)
  A ball python (D:3)
  2 frilled lizards
  A jackal skeleton (D:3)
  A jackal zombie (D:5)
  8 kobolds
  A leopard gecko skeleton (D:4)
  10 rats
  2 fungi (Lair:6)
  A plant (Lair:6)
762 creatures vanquished.

Vanquished Creatures (collateral kills)
  Gastronok (Lair:3)
1 creature vanquished.

Vanquished Creatures (others)
  A human (D:14)
  A vampire (D:14)
  A jelly (D:14)
  24 fungi
  58 plants
  A withered plant (D:15)
86 creatures vanquished.

Grand Total: 849 creatures vanquished

Notes
Turn   | Place    | Note
-------+----------+-------------------------------------------
     0 | D:1      | iamserjio the Mummy Earth Elementalist began the quest for the Orb.
     0 | D:1      | Reached XP level 1. HP: 13/13 MP: 4/4
   654 | D:1      | Reached skill level 3 in Spellcasting
   925 | D:1      | Reached XP level 2. HP: 19/19 MP: 6/6
  2545 | D:2      | Found a blossoming altar of Fedhas.
  2706 | D:2      | Learned a level 2 spell: Passwall
  2766 | D:3      | Reached XP level 3. HP: 23/24 MP: 7/7
  3135 | D:3      | Noticed Natasha
  3166 | D:4      | Reached XP level 4. HP: 9/30 MP: 5/9
  3182 | D:3      | Reached skill level 4 in Spellcasting
  3649 | D:3      | Reached XP level 5. HP: 24/35 MP: 2/11
  4025 | D:3      | Killed Natasha
  4218 | D:3      | Noticed Grinder
  4237 | D:3      | Killed Grinder
  4237 | D:3      | Reached skill level 5 in Spellcasting
  4237 | D:3      | Reached skill level 5 in Earth Magic
  4237 | D:3      | Reached XP level 6. HP: 5/41 MP: 0/14
  4532 | D:3      | Noticed Robin
  4570 | D:3      | Killed Robin
  4605 | D:3      | Got an ichor-stained helmet
  4611 | D:3      | Identified the +1 helmet of Vexation {rC+} (You took it off Robin on level 3 of the Dungeon)
  4920 | D:3      | Found a runed door.
  4924 | D:3      | Noticed Crazy Yiuf
  4927 | D:3      | Killed Crazy Yiuf
  4957 | D:3      | Noticed Goblin1989's ghost (amateur DsCK)
  5226 | D:4      | Learned a level 3 spell: Stone Arrow
  5419 | D:4      | Reached XP level 7. HP: 41/46 MP: 13/15
  5527 | D:4      | Learned a level 2 spell: Blink
  5745 | D:5      | Entered Level 5 of the Dungeon
  5749 | D:5      | Found a snail-covered altar of Cheibriados.
  5750 | D:5      | Found an opulent altar of Gozag.
  5751 | D:5      | Found a shadowy altar of Dithmenos.
  5752 | D:5      | Found a sparkling altar of Nemelex Xobeh.
  5752 | D:5      | Found a white marble altar of Elyvilon.
  5753 | D:5      | Found a blossoming altar of Fedhas.
  5754 | D:5      | Found a bloodstained altar of Trog.
  5760 | D:5      | Became a worshipper of Gozag Ym Sagoz the Greedy
  5804 | D:5      | Reached skill level 6 in Spellcasting
  6280 | D:5      | Noticed Blork the orc
  6292 | D:5      | Killed Blork the orc
  6878 | D:5      | Reached skill level 7 in Spellcasting
  6878 | D:5      | Reached XP level 8. HP: 48/52 MP: 18/18
  7151 | D:6      | Reached skill level 1 in Fighting
  7519 | D:6      | Found Zexzyx's General Store.
  7528 | D:6      | Bought a scroll of summoning for 133 gold pieces
  7678 | D:6      | Found a staircase to the Ecumenical Temple.
  8193 | D:7      | Reached skill level 8 in Spellcasting
  8647 | D:7      | Reached XP level 9. HP: 61/63 MP: 21/21
  9154 | D:7      | Found a stormy altar of Qazlal.
  9614 | D:7      | Learned a level 5 spell: Lee's Rapid Deconstruction
  9677 | D:8      | Found a glowing golden altar of the Shining One.
  9711 | D:8      | Found an ornate altar of the Wu Jian Council.
  9716 | D:8      | Found a basalt altar of Yredelemnul.
  9850 | D:8      | Noticed Joseph
 10084 | D:8      | Reached skill level 9 in Spellcasting
 10085 | D:8      | Noticed a queen bee
 10855 | D:8      | Killed a queen bee
 10855 | D:8      | Reached skill level 5 in Fighting
 11077 | D:8      | Killed Joseph
 11077 | D:8      | Reached XP level 10. HP: 19/74 MP: 8/23
 11655 | D:9      | Reached skill level 10 in Spellcasting
 11775 | D:9      | Reached skill level 10 in Earth Magic
 11803 | D:9      | Found a staircase to the Orcish Mines.
 12857 | D:9      | Found a staircase to the Lair.
 12964 | D:10     | Entered Level 10 of the Dungeon
 13052 | D:10     | Noticed Harold
 13297 | Orc:1    | Entered Level 1 of the Orcish Mines
 14082 | Orc:1    | Noticed an orc high priest
 14415 | Orc:1    | Noticed a rust devil
 14491 | Orc:1    | Killed an orc high priest
 14491 | Orc:1    | Reached XP level 11. HP: 81/84 MP: 22/25
 14614 | Orc:1    | Reached skill level 11 in Spellcasting
 14866 | Orc:1    | Noticed an orc warlord
 15274 | Lair:1   | Entered Level 1 of the Lair of Beasts
 17951 | Lair:2   | Reached skill level 12 in Spellcasting
 18213 | Lair:2   | Reached XP level 12. HP: 94/94 MP: 25/28
 18998 | Lair:3   | Noticed Snorg
 19000 | Lair:3   | Noticed Gastronok
 19003 | Lair:3   | Killed Snorg
 19467 | Lair:3   | Learned a level 4 spell: Petrify
 19786 | Lair:3   | Noticed a seven-headed hydra
 20131 | Lair:3   | Killed a seven-headed hydra
 20164 | Lair:3   | Killed Gastronok
 20164 | Lair:3   | Reached skill level 13 in Spellcasting
 20901 | Lair:4   | Noticed galech's ghost (journeyman GnWn)
 21595 | Lair:4   | Found a staircase to the Snake Pit.
 21751 | Lair:4   | Reached skill level 10 in Fighting
 22007 | Lair:4   | Found a staircase to the Swamp.
 23207 | Lair:5   | Noticed a death yak
 23208 | Lair:5   | Noticed a death yak
 23208 | Lair:5   | Noticed a death yak
 23209 | Lair:5   | Noticed a death yak
 23209 | Lair:5   | Noticed a death yak
 23209 | Lair:5   | Noticed a death yak
 23286 | Lair:4   | Killed galech's ghost
 23286 | Lair:4   | Reached skill level 1 in Armour
 23286 | Lair:4   | Gained mutation: You are in touch with the powers of death. [Mummy growth]
 23286 | Lair:4   | Reached XP level 13. HP: 55/103 MP: 2/30
 25541 | Lair:6   | Entered Level 6 of the Lair of Beasts
 27011 | Lair:6   | Reached skill level 14 in Spellcasting
 28316 | Lair:6   | Reached skill level 5 in Armour
 29331 | Lair:6   | Found a staircase to the Slime Pits.
 29543 | Lair:6   | Reached XP level 14. HP: 113/113 MP: 22/32
 31677 | Orc:2    | Entered Level 2 of the Orcish Mines
 31683 | Orc:2    | Found a roughly hewn altar of Beogh.
 31710 | Orc:2    | Noticed a stone giant
 32264 | Orc:2    | Found a staircase to the Elven Halls.
 32541 | Orc:2    | Killed a stone giant
 32734 | Orc:2    | Bought a +2 hat of magic resistance for 252 gold pieces
 32734 | Orc:2    | Bought a +0 ring mail of fire resistance for 132 gold pieces
 33447 | Orc:2    | Reached skill level 5 in Dodging
 34132 | Orc:2    | Found Haggefac's General Store.
 34132 | Orc:2    | Found Xixiceac's Armour Shop.
 34132 | Orc:2    | Found Jisunat's Book Boutique.
 34132 | Orc:2    | Found Juhihucaow's Antique Armour Emporium.
 34224 | Orc:2    | Reached skill level 15 in Spellcasting
 35087 | Orc:2    | Bought a scroll of enchant armour for 127 gold pieces
 35090 | Orc:2    | Bought a book of Necromancy for 420 gold pieces
 35092 | Orc:2    | Learned a level 1 spell: Animate Skeleton
 35576 | D:10     | Reached skill level 1 in Necromancy
 35674 | D:10     | Killed Harold
 35734 | D:10     | Found Riegokk's Gadget Boutique.
 35745 | D:10     | Bought a wand of acid (5) for 252 gold pieces
 36129 | D:11     | Found Hotishay's Distillery.
 37117 | D:12     | Found a stormy altar of Qazlal.
 38646 | D:13     | Found an opulent altar of Gozag.
 39004 | D:13     | Found Giconk's Armour Emporium.
 39010 | D:13     | Reached XP level 15. HP: 112/120 MP: 34/34
 40088 | D:13     | Found a transporter.
 40091 | D:13     | Found a corrupted altar of Lugonu.
 40283 | D:13     | Reached skill level 5 in Necromancy
 40724 | D:13     | Found a transporter.
 40728 | D:13     | Identified the Incunabulum of Ashen Enchantment
 40734 | D:13     | Got a steaming battleaxe
 40775 | D:13     | Learned a level 3 spell: Vampiric Draining
 41012 | D:13     | Identified the +7 battleaxe of Undoing {pain, rPois rN+ Str+3 Int-5} (You found it on level 13 of the Dungeon)
 41045 | D:14     | Noticed Kirke
 41056 | D:14     | Killed Kirke
 41174 | D:14     | Noticed Josephine
 41178 | D:14     | Killed Josephine
 42528 | D:14     | Found a gate to the Vaults.
 43159 | D:14     | Reached skill level 16 in Spellcasting
 43460 | D:14     | Noticed Roxanne
 43465 | D:14     | Killed Roxanne
 43468 | D:14     | Identified Roxanne's Compendium of Shape Shifting (You took it off Roxanne on level 14 of the Dungeon)
 43635 | D:14     | Found a glowing silver altar of Zin.
 43686 | D:15     | Entered Level 15 of the Dungeon
 43846 | D:15     | Reached XP level 16. HP: 95/129 MP: 36/36
 44349 | D:15     | Mangled by a wolf spider simulacrum

Vault maps used:
D:1:      minmay_arrival_up_and_down
D:2:      fedhas_altar_fruit_tree
D:3:      uniq_crazy_yiuf_cottage, uniq_grinder, uniq_robin, uniq_natasha
D:5:      grunt_temple_overflow_open, first_ration, uniq_blork_the_orc
D:6:      temple_green, serial_shops, shop
D:7:      basic_altar
D:8:      old_standard_altar, lemuel_round_altar, basic_altar, david_nohive_1,
          uniq_joseph
D:9:      erik_lair_dragon
D:10:     serial_shops, nicolae_shop_statue_plus, uniq_harold
D:11:     serial_shops, shop, serial_undead, serial_undead_a, serial_undead_e,
          serial_undead_e, serial_undead_a
D:12:     nicolae_twisting_strands, grunt_qazlal_clouds
D:13:     gammafunk_corrupted_shrine, serial_shops, shop, grunt_gozag_statues
D:14:     grunt_vaults_entry_tiered, zin_angel, uniq_josephine, uniq_kirke,
          uniq_roxanne
D:15:     gammafunk_depths_entry_grave, serial_bayou_lagoon_a, st_stairs_6,
          kennysheep_treasure_room
Lair:1:   serial_bayou_pond_c
Lair:2:   regret_index_combs_of_tragedy
Lair:3:   grunt_forest_large_clearing_hut, uniq_gastronok, uniq_snorg
Lair:4:   nicolae_swamp_entry_splash_gauntlet, guppyfry_snake_entry_island,
          serial_bayou_pond_d, infiniplex_staircase_pool
Lair:5:   infiniplex_staircase_pool_2, lemuel_fruit_tree, serial_bayou_shore_b,
          serial_bayou_shore_a, serial_bayou_shore_b
Lair:6:   minmay_lair_end_frog_pond, minmay_slime_entry_jelly_boxes
Orc:2:    st_orc_ogre_mass, basic_altar, nicolae_volcano_entry_vermiform

Skill      XL: |  1  2  3  4  5  6  7  8  9 10 11 12 13 14 15 |
---------------+----------------------------------------------+-----
Spellcasting   | 3 4 5 7 8 9 10 12 13 14 15 16 | 16.0
Earth Magic    | 3 4 5 6 8 9 10 12 13 14 | 14.8
Fighting       | 3 5 7 8 10 11 12 | 12.8
Armour         | 1 5 6 |  6.9
Dodging        | 4 6 8 |  8.3
Necromancy     | 3 6 |  6.7
Stealth        | |  1.5
Transmutations | |  0.7

Action                   |  1- 3 |  4- 6 |  7- 9 | 10-12 | 13-15 | 16-18 || total
-------------------------+-------+-------+-------+-------+-------+-------++-------
Melee: Dagger            |   159 |    72 |    18 |    27 |    25 |       ||   301
       Unarmed           |     1 |       |       |       |       |       ||     1
       Staff             |       |     1 |     5 |    14 |     8 |     1 ||    29
       Short sword       |       |       |       |     4 |       |       ||     4
       Long sword        |       |       |       |       |    19 |       ||    19
       Battleaxe         |       |       |       |       |    16 |       ||    16
 Cast: Sandblast         |    23 |    54 |    29 |   125 |    73 |       ||   304
       Stone Arrow       |       |     5 |   217 |   402 |   712 |    18 ||  1354
       Lee's Rapid Decon |       |       |       |    41 |   244 |     3 ||   288
       Blink             |       |       |       |       |     8 |       ||     8
       Petrify           |       |       |       |       |    14 |       ||    14
Invok: Potion Petition   |       |       |     2 |       |     1 |       ||     3
       Call Merchant     |       |       |       |       |     4 |       ||     4
Evoke: Wand              |       |       |       |     5 |     2 |       ||     7
       Sack of spiders   |       |       |       |     3 |       |       ||     3
  Use: Scroll            |     6 |     1 |    11 |     8 |    11 |       ||    37
 Stab: Sleeping          |     2 |       |       |       |       |       ||     2
       Invisible         |       |       |     2 |       |       |       ||     2
       Distracted        |       |       |       |       |     1 |       ||     1
       Petrified         |       |       |       |       |    10 |       ||    10
Armor: Robe              |    53 |    16 |    41 |    61 |    38 |       ||   209
       Scale mail        |       |       |       |       |   190 |     9 ||   199
Dodge: Dodged            |   118 |    63 |    77 |   168 |   276 |    14 ||   716
       Rpst.: Long sword |       |       |       |       |     1 |       ||     1

Table legend:
 A = Spawn XP
 B = Non-spawn XP
 C = Spawn XP percentage of total XP
 D = Spawn monster count
 E = Non-spawn monster count
 F = Spawn count percentage of total count
 G = Total turns spent on level
                    A         B        C        D         E        F      G
               +---------+---------+-------+---------+---------+-------+---------
         Total |       0 |  155216 |   0.0 |       0 |     760 |   0.0 | 44349
               +---------+---------+-------+---------+---------+-------+---------
           D:1 |       0 |      24 |   0.0 |       0 |      16 |   0.0 |  1780
           D:2 |       0 |      11 |   0.0 |       0 |       8 |   0.0 |  1249
           D:3 |       0 |     615 |   0.0 |       0 |      47 |   0.0 |  2127
           D:4 |       0 |     193 |   0.0 |       0 |       9 |   0.0 |   589
           D:5 |       0 |     704 |   0.0 |       0 |      18 |   0.0 |  1312
           D:6 |       0 |     860 |   0.0 |       0 |      28 |   0.0 |  1345
           D:7 |       0 |    1334 |   0.0 |       0 |      23 |   0.0 |  1393
           D:8 |       0 |    2249 |   0.0 |       0 |      30 |   0.0 |  2090
           D:9 |       0 |    4251 |   0.0 |       0 |      46 |   0.0 |  3376
          D:10 |       0 |    2567 |   0.0 |       0 |      16 |   0.0 |   778
          D:11 |       0 |    6565 |   0.0 |       0 |      38 |   0.0 |  1200
          D:12 |       0 |    3980 |   0.0 |       0 |      26 |   0.0 |  1647
          D:13 |       0 |   21887 |   0.0 |       0 |      56 |   0.0 |  3466
          D:14 |       0 |   30069 |   0.0 |       0 |      73 |   0.0 |  2031
          D:15 |       0 |    4024 |   0.0 |       0 |      11 |   0.0 |   104
        Lair:1 |       0 |    2051 |   0.0 |       0 |      12 |   0.0 |  1471
        Lair:2 |       0 |    9808 |   0.0 |       0 |      57 |   0.0 |  2935
        Lair:3 |       0 |    6956 |   0.0 |       0 |      20 |   0.0 |  1707
        Lair:4 |       0 |    7176 |   0.0 |       0 |      26 |   0.0 |  1998
        Lair:5 |       0 |   10017 |   0.0 |       0 |      28 |   0.0 |  4108
        Lair:6 |       0 |   17622 |   0.0 |       0 |      72 |   0.0 |  3109
         Orc:1 |       0 |    3257 |   0.0 |       0 |      33 |   0.0 |  1778
         Orc:2 |       0 |   18996 |   0.0 |       0 |      67 |   0.0 |  2756
               +---------+---------+-------+---------+---------+-------+---------
